 Dungeon Crawl Stone Soup version 0.22-a0-109-gbeb7240 (webtiles) character file.

11987 Kavrick the Carver (level 11, -41/91 HPs)
             Began as a Demonspawn Fighter on Jan 26, 2018.
             Was an Elder of Dithmenos.
             Killed from afar by a frost giant (50 damage)
             ... with a bolt of cold
             ... on level 12 of the Dungeon.
             The game lasted 00:26:33 (12623 turns).

Kavrick the Carver (Demonspawn Fighter)            Turns: 12623, Time: 00:26:33

Health: -41/91     AC: 23    Str: 19    XL:     11   Next: 56%
Magic:  11/11      EV: 10    Int: 11    God:    Dithmenos [****..]
Gold:   713        SH: 23    Dex: 12    Spells: 10/10 levels left

rFire    . . .     SeeInvis .   a - +1 long sword
rCold    . . .     Gourm    +   p - +7 large shield {AC+3}
rNeg     . . .     Faith    .   q - +0 plate armour
rPois    .         Spirit   .   b - +2 helmet
rElec    .         Reflect  .   B - +0 cloak
rCorr    .         Harm     .   (no gloves)
MR       .....                  (no boots)
Stlth    ..........             G - amulet of the gourmand
HPRegen  0.25/turn              g - +3 ring of evasion
MPRegen  0.12/turn              L - +4 ring of evasion

@: wreathed by umbra
A: talons 2, rugged brown scales 2, demonic guardian 2
a: Shadow Step, Renounce Religion


You were on level 12 of the Dungeon.
You worshipped Dithmenos.
Dithmenos was greatly pleased with you.
You were full.

You visited 2 branches of the dungeon, and saw 13 of its levels.

You collected 713 gold pieces.

Inventory:

Hand Weapons
 a - a +1 long sword (weapon)
Armour
 b - a +2 helmet (worn)
 p - a +7 large shield of protection (worn)
 q - a +0 plate armour (worn)
 B - a +0 cloak (worn)
Jewellery
 g - a +3 ring of evasion (left hand)
 u - an uncursed ring of protection from cold
 w - a +3 ring of dexterity
 G - an amulet of the gourmand (around neck)
 L - a +4 ring of evasion (right hand)
 P - an uncursed ring of see invisible
Wands
 A - a wand of acid (10)
 E - a wand of digging (14)
Scrolls
 e - 5 scrolls of remove curse
 h - 6 scrolls of magic mapping
 l - 4 scrolls of identify
 s - a scroll of fog
 y - a scroll of fear {unknown}
 C - 2 scrolls of immolation
 D - 2 scrolls of enchant weapon
 F - 4 scrolls of teleportation
Potions
 d - 3 potions of mutation
 i - 3 potions of brilliance {unknown}
 m - a potion of haste
 n - 5 potions of flight
 o - 6 potions of curing {unknown}
 r - a potion of degeneration
 t - a potion of invisibility {unknown}
 v - 3 potions of lignification
 x - a potion of heal wounds {unknown}
 I - 2 potions of ambrosia {unknown}
 K - 3 potions of agility {unknown}
Comestibles
 f - 28 rations


   Skills:
 + Level 8.9 Fighting
 * Level 10.9 Long Blades
 + Level 8.2 Armour
 + Level 8.1 Shields


You had 10 spell levels left.
You didn't know any spells.

Dungeon Overview and Level Annotations

Branches:
Dungeon (12/15)            Temple (1/1) D:4            Lair (0/6) D:11
    Orc (0/2) D:10

Altars:
Ashenzari
Cheibriados
Dithmenos
Elyvilon
Fedhas
Gozag
Hepliaklqana
Kikubaaqudgha
Makhleb
Nemelex Xobeh
Okawaru
Qazlal
Ru
Sif Muna
Trog
Uskayaw
Vehumet
Wu Jian
Xom
Yredelemnul
Zin
The Shining One
Beogh

Annotations:
D:5 exclusion: statue
D:11 exclusion: oklob plant


Innate Abilities, Weirdness & Mutations

You have razor-sharp toenails.
You are mostly covered in rugged brown scales. (AC +2, +5% HP)
A demonic guardian rushes to your aid.


Message History

You claw the frost giant, but do no damage.
The frost giant is lightly wounded.
You block the frost giant's attack.
You hit the frost giant but do no damage.
The frost giant is lightly wounded.
The frost giant hits you with a battleaxe of freezing.
The frost giant freezes you.
You hit the frost giant but do no damage.
The frost giant is lightly wounded.
The frost giant points at you and mumbles some strange words.
The bolt of cold hits you!
Ouch! That really hurt!
* * * LOW HITPOINT WARNING * * *
You emit a cloud of dark smoke.
You hit the frost giant but do no damage.
The frost giant is lightly wounded.
The frost giant points at you and mumbles some strange words.
The bolt of cold hits you!
Ouch! That really hurt!
You die...

#....# #.............# ####.....[
#....# ##.##########.# #####'#
###.## #.# #.# #..# #.# #.# #.#
##.## #.## #.# +##.# #..# #..#
#.# ..#.########.### ####.####.#
§.#.##..........
.......#..#######C##.##..........
..........#..'.3@§§#)##..........
.......##.'..#.§#§§#.............
.......##.##########.##..........
.......##........................
.............####.....#..........
.......####### #################
.......# .......# ########


You could see a frost giant and a friendly soul eater.

Vanquished Creatures
  The ghost of ThereIsNoGod the Fighter, a journeyman GnWn of Nemelex Xobeh (D:11)
  2 two-headed ogres
  An unseen horror (D:12)
  A deep elf mage (D:12)
  2 ugly things
  2 trolls
  A hornet (D:11)
  2 hippogriffs
  A yak (D:12)
  A wyvern (D:12)
  A vampire mosquito (D:12)
  A hungry ghost (D:12)
  A soldier ant (D:12)
  A water moccasin (D:6)
  7 orc warriors
  4 ice beasts
  4 sky beasts
  2 ogres
  2 necrophages (D:9)
  2 eyes of draining
  3 phantoms
  4 centaurs
  A crocodile (D:12)
  7 bullfrogs
  A scorpion (D:5)
  A killer bee (D:10)
  A vampire bat (D:4)
  2 crimson imps
  2 bullfrog zombies
  A centaur zombie (D:6)
  4 hounds
  2 jellies (D:9)
  5 orc priests
  6 orc wizards
  3 iguanas
  5 worker ants
  2 hound skeletons
  3 worker ant zombies
  Robin (D:3)
  11 adders
  4 gnolls
  4 shadow imps
  An adder zombie (D:9)
  2 adder skeletons
  5 worms
  2 dart slugs
  3 leopard geckos
  45 orcs
  5 giant cockroaches
  17 goblins
  7 hobgoblins
  2 jackals (D:5)
  6 quokkas
  6 ball pythons
  15 bats
  5 frilled lizards
  6 kobolds
  4 rats
243 creatures vanquished.

Vanquished Creatures (collateral kills)
  A hydra (D:9)
  A two-headed ogre (D:8)
  2 ugly things
  Psyche (D:8)
  4 hogs (D:8)
  3 yaks (D:12)
  A wyvern (D:10)
  A human (D:8)
  A hungry ghost (D:7)
  Duvessa (D:7)
  An orc warrior (D:10)
  3 centaurs
  A bullfrog (D:8)
  Dowan (D:7)
  4 killer bees (D:10)
  A vampire bat (D:4)
  A howler monkey (D:6)
  A crimson imp (D:8)
  A hound (D:12)
  A centaur skeleton (D:6)
  2 orc wizards (D:8)
  A worker ant (D:12)
  An adder (D:8)
  2 orcs
  A bat (D:4)
38 creatures vanquished.

Grand Total: 281 creatures vanquished

Notes
Turn   | Place    | Note
-------+----------+-------------------------------------------
     0 | D:1      | Kavrick the Demonspawn Fighter began the quest for the Orb.
     0 | D:1      | Reached XP level 1. HP: 18/18 MP: 1/1
    73 | D:1      | Reached skill level 2 in Long Blades
   125 | D:1      | Gained mutation: A weak demonic guardian rushes to your aid. [demonic ancestry]
   125 | D:1      | Reached XP level 2. HP: 16/24 MP: 2/2
   817 | D:1      | Gained mutation: You are partially covered in rugged brown scales. (AC +1, +3% HP) [demonic ancestry]
   817 | D:1      | Reached XP level 3. HP: 21/29 MP: 3/3
  1132 | D:1      | HP: 1/29 [poisoned by an adder]
  1846 | D:2      | Gained mutation: You have sharp toenails. [demonic ancestry]
  1846 | D:2      | Reached XP level 4. HP: 30/36 MP: 4/4
  2381 | D:3      | Reached skill level 3 in Long Blades
  3125 | D:3      | Noticed Robin
  3148 | D:3      | Killed Robin
  3148 | D:3      | Reached XP level 5. HP: 43/43 MP: 5/5
  3457 | D:4      | Found a staircase to the Ecumenical Temple.
  3485 | Temple   | Entered the Ecumenical Temple
  3579 | Temple   | Became a worshipper of Dithmenos the Shadowed
  3707 | D:4      | Found the +4 Vampire's Tooth {vamp}
  3907 | D:4      | Noticed a hand axe
  3907 | D:4      | Noticed a dagger
  3916 | D:4      | Found a hide-covered altar of Uskayaw.
  3937 | D:5      | Entered Level 5 of the Dungeon
  3937 | D:5      | Noticed an ogre
  3944 | D:5      | Killed an ogre
  3944 | D:5      | Reached skill level 4 in Long Blades
  3944 | D:5      | Reached XP level 6. HP: 49/49 MP: 6/6
  4428 | D:5      | Found a radiant altar of Vehumet.
  4501 | D:5      | Found a stormy altar of Qazlal.
  4951 | D:5      | Found a deep blue altar of Sif Muna.
  5063 | D:5      | Reached XP level 7. HP: 52/56 MP: 7/7
  5397 | D:6      | Reached skill level 5 in Long Blades
  5489 | D:6      | Reached * piety under Dithmenos
  5909 | D:6      | Reached skill level 5 in Fighting
  5922 | D:6      | Gained mutation: A demonic guardian rushes to your aid. [demonic ancestry]
  5922 | D:6      | Reached XP level 8. HP: 49/63 MP: 8/8
  6347 | D:7      | Found a burning altar of Makhleb.
  6347 | D:7      | Found a glowing silver altar of Zin.
  6348 | D:7      | Noticed an angel
  6348 | D:7      | Noticed a green death
  6422 | D:7      | Noticed Dowan
  6423 | D:7      | Noticed Duvessa
  6425 | D:7      | Killed Dowan
  6433 | D:7      | Killed Duvessa
  6433 | D:7      | Reached skill level 6 in Long Blades
  6483 | D:7      | Reached skill level 5 in Armour
  6507 | D:7      | Reached skill level 5 in Shields
  7053 | D:8      | Noticed Psyche
  7059 | D:8      | Killed Psyche
  7059 | D:8      | Reached skill level 7 in Long Blades
  7059 | D:8      | Reached XP level 9. HP: 61/71 MP: 9/9
  7106 | D:8      | Found an opulent altar of Gozag.
  7108 | D:8      | Found a sacrificial altar of Ru.
  7109 | D:8      | Found a hazy altar of Hepliaklqana.
  7112 | D:8      | Found an ancient bone altar of Kikubaaqudgha.
  7113 | D:8      | Found a white marble altar of Elyvilon.
  7275 | D:8      | Noticed a red ugly thing
  7297 | D:7      | Killed a red ugly thing
  7297 | D:7      | Reached ** piety under Dithmenos
  7470 | D:8      | Noticed a two-headed ogre
  7482 | D:8      | Killed a two-headed ogre
  7506 | D:8      | Reached skill level 8 in Long Blades
  8372 | D:9      | Gained mutation: You have razor-sharp toenails. [demonic ancestry]
  8372 | D:9      | Reached XP level 10. HP: 81/81 MP: 10/10
  8438 | D:9      | Noticed an eight-headed hydra
  8506 | D:9      | Killed an eight-headed hydra
  8846 | D:9      | Reached skill level 9 in Long Blades
  8965 | D:9      | Reached *** piety under Dithmenos
  9227 | D:10     | Entered Level 10 of the Dungeon
  9427 | D:10     | Found a roughly hewn altar of Beogh.
  9438 | D:10     | Found a staircase to the Orcish Mines.
  9806 | D:10     | Noticed a two-headed ogre
  9819 | D:10     | Killed a two-headed ogre
 10739 | D:11     | Reached **** piety under Dithmenos
 10792 | D:11     | Found a staircase to the Lair.
 10792 | D:11     | Noticed an oklob plant
 10934 | D:11     | Noticed ThereIsNoGod's ghost (journeyman GnWn)
 10997 | D:11     | Killed ThereIsNoGod's ghost
 10997 | D:11     | Reached skill level 10 in Long Blades
 11294 | D:11     | Gained mutation: You are mostly covered in rugged brown scales. (AC +2, +5% HP) [demonic ancestry]
 11294 | D:11     | Reached XP level 11. HP: 73/90 MP: 2/11
 11434 | D:11     | Noticed a brown ugly thing
 11443 | D:11     | Killed a brown ugly thing
 11637 | D:12     | Noticed a brown ugly thing
 11646 | D:12     | Killed a brown ugly thing
 11979 | D:12     | Killed an unseen horror
 12241 | D:12     | Noticed a deep elf mage
 12255 | D:12     | Killed a deep elf mage
 12287 | D:12     | Noticed a two-headed ogre
 12295 | D:12     | Killed a two-headed ogre
 12428 | D:12     | Found a runed door.
 12456 | D:12     | Noticed a red ugly thing
 12466 | D:12     | Killed a red ugly thing
 12616 | D:12     | Noticed a frost giant
 12623 | D:12     | Killed from afar by a frost giant

Vault maps used:
D:1:      lemuel_arrival_river_ford, item_on_display_a
D:2:      kennysheep_nondescript, grunt_ministairs_9, st_stairs_5,
          due_unseen_surprise
D:3:      corexii_leaking_fountain, uniq_robin
D:4:      dancing_weapons_uskayaw, minmay_temple_entry_overgrown, first_ration,
          minmay_guarded_unrand_vampires_tooth
D:5:      vehumet_statue, lemuel_blue_sif_altar, grunt_qazlal_sundering
D:7:      grunt_temple_overflow_order_and_chaos_2, uniq_duvessa
D:8:      minitemple, grunt_livestock, uniq_psyche
D:9:      corexii_shack_village
D:10:     david_orc_5
D:11:     dpeg_oklobed_lair, serial_bayou_pond_c
D:12:     roderic_roman_lattice, minivault_13
Temple:   nicolae_temple_x_marks_the_god

Skill      XL: |  1  2  3  4  5  6  7  8  9 10 11 |
---------------+----------------------------------+-----
Long Blades    | 2 3 4 5 7 8 10 | 10.9
Armour         | 3 4 5 6 7 8 |  8.2
Shields        | 3 4 5 6 7 8 |  8.1
Fighting       | 4 5 6 7 8 |  8.9

Action                   |  1- 3 |  4- 6 |  7- 9 | 10-12 || total
-------------------------+-------+-------+-------+-------++-------
Melee: Long sword        |   141 |   221 |   382 |   450 ||  1194
       Kick              |       |    57 |   123 |   162 ||   342
  Use: Potion            |     2 |       |       |       ||     2
       Scroll            |       |    13 |     1 |     7 ||    21
 Stab: Distracted        |       |       |     2 |       ||     2
       Invisible         |       |       |     1 |       ||     1
  Eat: Chunk             |     3 |    10 |    12 |    25 ||    50
Armor: Scale mail        |    68 |       |       |       ||    68
       Chain mail        |    27 |   116 |   134 |   151 ||   428
Dodge: Dodged            |    52 |    23 |    54 |   120 ||   249
Block: Shield            |    95 |     3 |       |       ||    98
       Large shield      |       |   194 |   335 |   430 ||   959
       Rpst.: Long sword |    17 |     8 |    18 |    32 ||    75

Table legend:
 A = Spawn XP
 B = Non-spawn XP
 C = Spawn XP percentage of total XP
 D = Spawn monster count
 E = Non-spawn monster count
 F = Spawn count percentage of total count
 G = Total turns spent on level
                    A         B        C        D         E        F      G
               +---------+---------+-------+---------+---------+-------+---------
         Total |       0 |   17125 |   0.0 |       0 |     281 |   0.0 | 12623
               +---------+---------+-------+---------+---------+-------+---------
           D:1 |       0 |      61 |   0.0 |       0 |      23 |   0.0 |  1428
           D:2 |       0 |      52 |   0.0 |       0 |      18 |   0.0 |   827
           D:3 |       0 |      93 |   0.0 |       0 |      28 |   0.0 |  1055
           D:4 |       0 |     164 |   0.0 |       0 |      15 |   0.0 |   519
           D:5 |       0 |     371 |   0.0 |       0 |      14 |   0.0 |  1209
           D:6 |       0 |     785 |   0.0 |       0 |      17 |   0.0 |  1052
           D:7 |       0 |    1087 |   0.0 |       0 |      18 |   0.0 |   698
           D:8 |       0 |    2510 |   0.0 |       0 |      35 |   0.0 |  1161
           D:9 |       0 |    1724 |   0.0 |       0 |      30 |   0.0 |  1204
          D:10 |       0 |    2551 |   0.0 |       0 |      43 |   0.0 |  1456
          D:11 |       0 |    2402 |   0.0 |       0 |      18 |   0.0 |   905
          D:12 |       0 |    5325 |   0.0 |       0 |      22 |   0.0 |  1001
               +---------+---------+-------+---------+---------+-------+---------
